 Dungeon Crawl Stone Soup version 0.30-a0-4-ga7cffc901d (webtiles) character file.

Game seed: 2571163969037096220

594749 concernfroge the Fetichist (level 26, -1/204 HPs)
             Began as a Mummy Monk on Aug 7, 2022.
             Was a High Priest of Okawaru.
             Slain by an ice devil (11 damage)
             ... summoned by Var Biwat
             ... on level 5 of the Realm of Zot on Aug 21, 2022.
             The game lasted 08:01:28 (74369 turns).

concernfroge the Fetichist (Mummy Monk)            Turns: 74369, Time: 08:01:28

Health: -1/204     AC:  9    Str: 30    XL:     26   Next: 31%
Magic:  32/32      EV:  7    Int: 14    God:    Okawaru [*****.]
Gold:   3610       SH: 29    Dex:  7    Spells: 25/25 levels left

rFire   + + .      SeeInvis +    a - +9 broad axe (vamp)
rCold   + + +      Faith    .    z - +7 tower shield {rC+ rF+}
rNeg    + + +      Spirit   .    K - +14 crystal plate armour "Uphon" {rPois rF+ Str+3 Dex-4}
rPois   ∞          Reflect  +    t - +0 mask of the Dragon {Will+ Slay+3 SInv}
rElec   +          Harm     .    g - +4 cloak "Ysia" {Drain rCorr Str+5 Dex-3}
rCorr   +          Rampage  .    I - +1 pair of gloves
Will    ++++.                    h - +2 pair of boots {Fly}
Stlth   ..........               w - amulet of reflection
HPRegen 0.44/turn                N - ring of Balance {rC+ Slay+4}
MPRegen 0.23/turn                R - ring "Wuakeo Sitt" {Contam Fly rElec rPois rF+}

@: about to teleport, corroded, flying
A: cold resistance 1, negative energy resistance 3, torment resistance 2, heat
vulnerability 1, in touch with death 2, no potions
0: Orb of Zot
}: 3/15 runes: serpentine, barnacled, silver
a: Renounce Religion, Heroism, Finesse, Duel


You were on level 5 of the Realm of Zot.
You worshipped Okawaru.
Okawaru was extremely pleased with you.
You visited 12 branches of the dungeon, and saw 51 of its levels.
You also visited: Trove, Ossuary and Ice Cave.

You collected 8811 gold pieces.
You spent 5201 gold pieces at shops.

Inventory:

Hand Weapons
 a - a +9 vampiric broad axe (weapon)
 b - a +6 broad axe of flaming
 u - the +6 spear "Guinuc" {freeze, rF+ MP+9}
   (You found it on level 3 of the Dungeon)

   It freezes those it strikes, dealing additional cold damage.
   It can also slow down cold-blooded creatures.
   rF:        It protects you from fire.
   MP:        It affects your magic capacity (+9).
Missiles
 v - 39 javelins (quivered)
 C - 38 silver javelins
 D - 7 datura-tipped darts
 L - 3 throwing nets
 U - 41 atropa-tipped darts
 Z - 13 curare-tipped darts
Armour
 g - the +4 cloak "Ysia" (worn) {Drain rCorr Str+5 Dex-3}
   (Okawaru gifted it to you on level 5 of the Lair of Beasts)

   Str:       It affects your strength (+5).
   Dex:       It affects your dexterity (-3).
   rCorr:     It protects you from acid and corrosion.
   Drain:     It drains your maximum health when unequipped.
 h - a +2 pair of boots of flying (worn)
 t - the +0 mask of the Dragon (worn) {Will+ Slay+3 SInv}
   (You found it on level 3 of the Crypt)

   Slay:      It affects your accuracy & damage with ranged weapons and melee
   (+3).
   SInv:      It lets you see invisible.
   Will:      It increases your willpower.
 z - a +7 tower shield of resistance (worn)
 I - a +1 pair of gloves (worn)
 K - the +14 crystal plate armour "Uphon" (worn) {rPois rF+ Str+3 Dex-4}
   (Okawaru gifted it to you on level 3 of the Vaults)

   Str:       It affects your strength (+3).
   Dex:       It affects your dexterity (-4).
   rF:        It protects you from fire.
   rPois:     It protects you from poison.
Jewellery
 c - a +4 ring of protection
 f - a ring of ice
 i - a +4 ring of slaying
 j - a ring of protection from cold
 k - a +4 ring of protection
 q - an amulet of regeneration
 w - an amulet of reflection (around neck)
 y - the amulet "Ewab Kem" {+Blink Will++ Regen+}
   (You took it off a tengu reaver on level 5 of the Vaults)

   [amulet of regeneration]

   +Blink:    It lets you blink.
   Regen:     It increases your rate of health regeneration.
   Will:      It greatly increases your willpower.
 N - the ring of Balance (left hand) {rC+ Slay+4}
   (You bought it in a shop on level 1 of the Depths)

   [ring of slaying]

   Slay:      It affects your accuracy & damage with ranged weapons and melee
   (+4).
   rC:        It protects you from cold.
 O - an amulet of guardian spirit
 P - a ring of resist corrosion
 R - the ring "Wuakeo Sitt" (right hand) {Contam Fly rElec rPois rF+}
   (You found it on level 4 of the Vaults)

   [ring of flight]

   rF:        It protects you from fire.
   rElec:     It insulates you from electricity.
   rPois:     It protects you from poison.
   Fly:       It grants you flight.
   Contam:    It causes magical contamination when unequipped.
 Y - a ring of willpower
Wands
 p - a wand of polymorph (16)
 x - a wand of flame (30)
 J - a wand of light (15)
 S - a wand of mindburst (26)
 V - a wand of digging (19)
 X - a wand of roots (14)
Scrolls
 e - 2 scrolls of brand weapon
 l - 7 scrolls of immolation
 n - 3 scrolls of teleportation
 r - 2 scrolls of silence
 A - 11 scrolls of vulnerability
 B - 12 scrolls of amnesia
 E - 3 scrolls of magic mapping
 G - a scroll of poison
 H - 7 scrolls of fear
 T - 3 scrolls of torment
Miscellaneous
 d - a phial of floods
 m - a piece from Xom's chessboard (15/15)
 o - a condenser vane
 F - a lightning rod (4/4)
 M - a tin of tremorstones (1/2)


   Skills:
 + Level 16.0 Fighting
 - Level 16.5(18.0) Axes
 - Level 12.0(15.7) Polearms
 - Level 16.0 Throwing
 - Level 15.0 Armour
 - Level 15.0 Dodging
 - Level 1.5 Stealth
 - Level 15.0 Shields
 - Level 13.0 Invocations
 - Level 17.0 Evocations


You had 25 spell levels left.
You didn't know any spells.
Your spell library contained the following spells:

 Spells                   Type           Power      Damage    Failure   Level
 Apportation              Tloc           0%         N/A       100%        1
 Freeze                   Ice            0%         1d3       100%        1
 Necrotise                Necr           0%         1d4       100%        1
 Sandblast                Erth           0%         2d4       100%        1
 Sting                    Tmut/Pois      0%         1d3       100%        1
 Blink                    Tloc           0%         N/A       100%        2
 Ensorcelled Hibernation  Hex/Ice        0%         N/A       100%        2
 Passwall                 Tmut/Erth      0%         N/A       100%        2
 Poisonous Vapours        Pois/Air       0%         N/A       100%        2
 Dazzling Flash           Conj/Hex       0%         N/A       100%        3
 Frozen Ramparts          Ice            0%         1d1       100%        3
 Gell's Gravitas          Tloc           0%         N/A       100%        3
 Ignite Poison            Fire/Tmut/Pois 0%         N/A       100%        3
 Lesser Beckoning         Tloc           0%         N/A       100%        3
 Mephitic Cloud           Conj/Pois/Air  0%         N/A       100%        3
 Stone Arrow              Conj/Erth      0%         3d7       100%        3
 Teleport Other           Tloc           0%         N/A       100%        3
 Vampiric Draining        Necr           0%         2d6       100%        3
 Anguish                  Hex/Necr       0%         N/A       100%        4
 Corpse Rot               Necr/Pois/Air  0%         N/A       100%        4
 Fulminant Prism          Conj/Hex       0%         3d6       100%        4
 Hailstorm                Conj/Ice       0%         3d3       100%        4
 Iskenderun's Mystic Bla  Conj/Tloc      0%         2d3       100%        4
 Leda's Liquefaction      Hex/Erth       0%         N/A       100%        4
 Olgreb's Toxic Radiance  Pois           0%         N/A       100%        4
 Agony                    Necr           0%         N/A       100%        5
 Alistair's Intoxication  Tmut/Pois      0%         N/A       100%        5
 Borgnjor's Vile Clutch   Necr/Erth      0%         N/A       100%        5
 Fireball                 Conj/Fire      0%         3d3       100%        5
 Freezing Cloud           Conj/Ice/Air   0%         6-21      100%        5
 Irradiate                Conj/Tmut      0%         3d11      100%        5
 Iskenderun's Battlesphe  Conj           0%         2d6       100%        5
 Lee's Rapid Deconstruct  Erth           0%         3d5*      100%        5
 Silence                  Hex/Air        0%         N/A       100%        5
 Conjure Ball Lightning   Conj/Air       0%         3x3d6     100%        6
 Dispersal                Tloc           0%         N/A       100%        6
 Orb of Destruction       Conj           0%         9d5       100%        7
 Summon Small Mammal      Summ           Unusable   N/A       N/A         1
 Call Canine Familiar     Summ           Unusable   N/A       N/A         3
 Spider Form              Tmut/Pois      Unusable   N/A       N/A         3
 Summon Guardian Golem    Hex/Summ       Unusable   N/A       N/A         3
 Animate Dead             Necr           Unusable   N/A       N/A         4
 Blade Hands              Tmut           Unusable   N/A       N/A         5
 Death Channel            Necr           Unusable   N/A       N/A         6
 Statue Form              Tmut/Erth      Unusable   N/A       N/A         6
 Dragon Form              Tmut           Unusable   N/A       N/A         7

Dungeon Overview and Level Annotations

Branches:
Dungeon (15/15)            Temple (1/1) D:4            Lair (5/5) D:11
 Shoals (4/4) Lair:2        Snake (4/4) Lair:2        Slime (1/5) Lair:4
    Orc (2/2) D:12            Elf (2/3) Orc:2        Vaults (5/5) D:14
  Crypt (3/3) Vaults:2       Tomb (0/3) Crypt:3      Depths (4/4) D:15
    Zot (5/5) Depths:4    Ossuary (visited)           IceCv (visited)

Altars:
Ashenzari
Cheibriados
Dithmenos
Fedhas
Gozag
Hepliaklqana
Kikubaaqudgha
Makhleb
Nemelex Xobeh
Okawaru
Qazlal
Ru
Sif Muna
Trog
Uskayaw
Vehumet
Wu Jian
Xom
Yredelemnul
Jiyva

Shops:
D:13 ?[([   Orc:2 *=***   Elf:1 (?[   Elf:2 ?   Vaults:1 [   Vaults:4 *
Depths:1 =::   Depths:2 ![   Depths:3 :

Portals:
Hell: Depths:1 Depths:2 Depths:3 Depths:4
Abyss: Depths:2 Depths:3
Pandemonium: Depths:2 Depths:3
Ziggurat: Depths:2

Annotations:
Lair:5 2 runed translucent doors
Shoals:2 Roxanne
Shoals:3 exclusion: 7 krakens
Snake:3 Jorgrun
Depths:3 2 transporters, Oleutuy's ghost, veteran SpVM


Innate Abilities, Weirdness & Mutations

You are immune to poison.
Your flesh is cold resistant. (rC+)
You are immune to negative energy. (rN+++)
You are immune to unholy pain and torment.
You are vulnerable to heat. (rF-)
You are strongly in touch with the powers of death.
You do not drink.


Message History

You kill the ufetubus!
The ufetubus disappears in a puff of smoke!
The burst of rock shards engulfs the ufetubus!!
You kill the ufetubus!
The ufetubus disappears in a puff of smoke!
The burst of rock shards engulfs the ynoxinul!!
The burst of rock shards engulfs the soul eater but does no damage.
The burst of rock shards engulfs you.
* * * LOW HITPOINT WARNING * * *
The burst of rock shards engulfs the ice devil but does no damage.
The burst of rock shards engulfs the ufetubus!
You kill the ufetubus!
The ufetubus disappears in a puff of smoke!
The burst of rock shards engulfs the ice devil but does no damage.
The burst of rock shards engulfs the ynoxinul!
The burst of rock shards engulfs the ufetubus!
You kill the ufetubus!
The ufetubus disappears in a puff of smoke!
The burst of rock shards engulfs the soul eater.
The burst of rock shards engulfs the ufetubus!!
You kill the ufetubus!
The ufetubus disappears in a puff of smoke!
The burst of rock shards engulfs you!
* * * LOW HITPOINT WARNING * * *
The burst of rock shards engulfs the ynoxinul!
You kill the ynoxinul!
The ynoxinul disappears in a puff of smoke!
The burst of rock shards engulfs the soul eater but does no damage.
The burst of rock shards engulfs you!
* * * LOW HITPOINT WARNING * * *
The burst of rock shards engulfs the ice devil.
The burst of rock shards engulfs the soul eater.
The burst of rock shards engulfs you.
* * * LOW HITPOINT WARNING * * *
The burst of rock shards engulfs the ice devil!
The burst of rock shards engulfs the soul eater but does no damage.
The burst of rock shards engulfs the ice devil!
You hear a chilling moan.
You block the soul eater's attack. The ice devil hits you!
You die...

##..^...............##
#......53^...........#
#....5...............#
#.....^34...........^#
#.......5....^.......#
#..............&.....#
#..............§§..^.#
##......^......4§...##
##...^......§§3@..##
##..........§§§.##
▓################▓▓
#.# ############'####
#.# #...............#
# #.#
#..............<# #
#.# #...............#
# #.#
#...............#
###.#
#...............#


You could see Var Biwat, a soul eater (summoned) and an ice devil (summoned).

Vanquished Creatures
  A pandemonium lord (Zot:5)
  6 ancient liches
  2 dread liches
  3 orbs of fire (Zot:5)
  Mara (Vaults:5)
  Mennas (Depths:2)
  Sojobo (Vaults:5)
  Vv (Zot:2)
  7 Killer Klowns (Zot:5)
  Frederick (Vaults:5)
  Parghit (Zot:2)
  A curse toe (Zot:5)
  4 caustic shrikes (Depths:4)
  4 golden dragons
  the Enchantress (Depths:4)
  2 bone dragons
  4 electric golems
  A Brimstone Fiend (Zot:5)
  A shard shrike skeleton (Crypt:2)
  A walking divine tome (Depths:3)
  6 tentacled monstrosities
  2 walking crystal tomes (Depths:3)
  25 Orb Guardians (Zot:5)
  8 liches
  6 titans
  8 quicksilver dragons
  9 ancient champions
  Gastronok (D:8)
  A shadow dragon (shapeshifter) (Elf:1)
  4 death cobs
  8 sphinxes
  18 storm dragons
  Donald (Shoals:1)
  16 shadow dragons
  Kirke (Shoals:1)
  9 tengu reavers
  A rockslime (Zot:5)
  An azure jelly (Arena)
  7 nagarajas
  2 revenants
  3 draconian monks
  8 frost giants
  12 fire giants
  2 draconian knights
  19 vault wardens
  4 draconian scorchers
  An iron dragon (Zot:4)
  3 orc warlords
  Aizul (Vaults:1)
  2 spectral caustic shrikes (Crypt:1)
  A ghost moth (Zot:4)
  5 draconian stormcallers
  3 curse skulls
  A caustic shrike zombie (Crypt:3)
  3 spriggan defenders (Depths:4)
  5 ghouls
  3 draconian shifters
  10 very ugly things
  3 war gargoyles
  3 draconian annihilators
  A reaper (Crypt:2)
  2 quicksilver oozes
  5 deep elf demonologists
  15 stone giants
  15 ironbound preservers
  4 ironbound thunderhulks
  5 green draconians
  11 vampire knights
  8 black draconians
  4 dire elephants
  An entropy weaver (Vaults:2)
  31 purple draconians
  A deep elf annihilator (Arena)
  Azrael (Elf:2)
  12 red draconians
  2 minotaurs (Shoals:4)
  12 white draconians
  5 yellow draconians
  A dire elephant (shapeshifter) (Vaults:4)
  5 spark wasps (Depths:3)
  8 deep elf death magi
  33 ettins
  9 jiangshi
  8 fire dragons
  10 yaktaur captains
  7 merfolk impalers
  2 blizzard demons (IceCv)
  3 merfolk javelineers
  2 rakshasas
  A spectral fenstrider witch (Crypt:1)
  5 eidola
  42 vault guards
  A spriggan zombie (Crypt:2)
  5 great orbs of eyes
  A deep elf high priest (Zot:4)
  15 ice dragons
  11 ironbound frosthearts
  7 hydras
  Harold (Lair:2)
  A hell beast (Crypt:1)
  A hydra (shapeshifter) (Vaults:5)
  4 merfolk avatars
  Fannar (Lair:2)
  3 caustic shrike simulacra (IceCv)
  3 boulder beetles
  A peacekeeper (Vaults:3)
  2 salamander tyrants (Snake:4)
  A quicksilver dragon skeleton (Crypt:1)
  19 centaur warriors
  6 spriggan air magi
  2 merfolk aquamancers (Shoals:1)
  8 anacondas
  Erica (D:8)
  A fenstrider witch skeleton (Crypt:2)
  13 naga warriors
  3 ogre magi
  A death knight (D:13)
  11 two-headed ogres
  23 dancing weapons
  8 satyrs
  10 deep troll shamans
  A spectral dire elephant (Crypt:1)
  9 death yaks
  A quicksilver ooze zombie (Crypt:1)
  Urug (Orc:1)
  6 vampire magi
  9 tengu warriors
  An Orb Guardian skeleton (Crypt:2)
  28 hell knights
  5 orc high priests
  5 spriggan berserkers
  11 naga sharpshooters
  4 spriggans
  7 shock serpents
  7 deep troll earth magi
  A spectral orc (Crypt:1)
  5 deep elf knights (Elf:2)
  3 soul eaters
  Amaemon (D:11)
  5 salamander mystics
  10 sea snakes
  5 shadow wraiths
  A fire crab (Lair:5)
  23 skeletal warriors
  A spectral anaconda (Crypt:1)
  An elf simulacrum (Crypt:2)
  A shadow demon (Depths:3)
  6 iron trolls
  3 glowing orange brains
  7 spriggan simulacra (IceCv)
  55 deep trolls
  4 bog bodies
  11 flayed ghosts
  An obsidian statue (IceCv)
  6 lindwurms
  12 orc knights
  12 wizards
  8 naga ritualists
  An orange crystal statue (Depths:3)
  3 deep elf archers
  20 deep elf pyromancers
  16 ironbound convokers
  14 necromancers
  21 harpies
  5 phantasmal warriors
  A spectral ice dragon (Crypt:1)
  A shining eye (Slime:1)
  7 cyclopes
  4 oklob plants
  33 ugly things
  A shining eye (shapeshifter) (Vaults:5)
  20 deep elf zephyrmancers
  8 orc sorcerers
  5 mana vipers
  14 fauns
  A spectral ettin (Crypt:1)
  2 sphinx skeletons
  Maurice (D:8)
  10 salamanders
  A jorogumo skeleton (Crypt:2)
  13 moths of wrath
  26 manticores
  A spectral centaur (Crypt:1)
  31 black mambas
  8 merfolk sirens
  13 vault sentinels
  17 elephants
  18 naga magi
  An unseen horror (shapeshifter) (D:13)
  9 cane toads
  A centaur zombie (Crypt:3)
  10 water nymphs
  A guardian serpent (Snake:4)
  3 orange demons
  A cane toad (shapeshifter) (D:11)
  A gargoyle (Depths:2)
  A shock serpent skeleton (Crypt:1)
  2 molten gargoyles (Lair:5)
  4 centaur skeletons (D:14)
  2 unseen horrors (Depths:2)
  2 kobold demonologists (D:12)
  13 freezing wraiths
  An elephant slug zombie (Crypt:1)
  Maggie (Lair:2)
  3 efreet
  2 rime drakes (Lair:5)
  A yellow draconian zombie (Crypt:2)
  36 yaktaurs
  2 guardian mummies (Depths:4)
  10 ice devils
  4 tengu conjurers
  8 komodo dragons
  A grey draconian skeleton (Crypt:3)
  A purple draconian skeleton (Crypt:3)
  A troll (shapeshifter) (Vaults:5)
  2 spectral harpies (Crypt:1)
  3 anaconda simulacra
  A pale draconian skeleton (Crypt:3)
  20 merfolk
  12 trolls
  A harpy zombie (Crypt:1)
  5 hornets
  A red devil (Depths:3)
  A harpy skeleton (Crypt:2)
  A polar bear (Lair:5)
  A meliai (shapeshifter) (D:15)
  5 wind drakes
  2 hydra skeletons
  19 slime creatures
  3 snapping turtles
  19 blink frogs
  A dream sheep (shapeshifter) (Vaults:4)
  3 dream sheep (Shoals:2)
  A spectral black mamba (Crypt:1)
  An air elemental (Elf:2)
  2 centaur simulacra
  A spriggan (shapeshifter) (Zot:4)
  A black mamba zombie (Crypt:2)
  Sigmund (D:5)
  5 flying skulls (Crypt:1)
  A culicivora (Vaults:2)
  A human (shapeshifter) (Depths:3)
  42 yaks
  4 dire elephant simulacra (IceCv)
  9 wraiths
  5 vampires
  9 wyverns
  A wind drake zombie (Crypt:3)
  6 hogs (Shoals:1)
  15 water elementals
  4 fire elementals
  7 vampire mosquitoes
  6 basilisks
  8 small abominations (Depths:2)
  2 redbacks (Vaults:2)
  9 minotaur simulacra (IceCv)
  2 steam dragons (Lair:5)
  2 harpy simulacra (IceCv)
  2 chaos spawn
  5 wargs
  A swamp worm (shapeshifter) (Depths:4)
  5 large abominations
  36 nagas
  2 hydra simulacra
  A floating eye (Depths:3)
  9 hell hounds
  2 acid dragons
  16 water moccasins
  A deep troll skeleton (Crypt:3)
  30 orc warriors
  2 sky beasts (D:6)
  An ice beast (D:5)
  A manticore zombie (Crypt:3)
  3 black bears
  3 alligator simulacra (IceCv)
  A blink frog zombie (Crypt:3)
  7 boggarts
  A blink frog skeleton (Crypt:1)
  12 centaurs
  9 ogres
  A swamp dragon skeleton (Crypt:2)
  24 wolves
  A phantom (D:5)
  A hog skeleton (Crypt:1)
  9 bullfrogs
  14 kobold brigands
  A rime drake skeleton (Crypt:3)
  4 earth elementals
  4 necrophages
  A cyclops zombie (Crypt:2)
  5 scorpions
  6 water moccasin zombies (Ossuary)
  4 deep troll simulacra (IceCv)
  4 wights (D:8)
  A warg zombie (Crypt:1)
  12 killer bees
  A warg skeleton (Crypt:3)
  A yak zombie (Crypt:1)
  An oklob sapling (D:12)
  2 electric eels
  4 lava snakes (Lair:5)
  4 jellies
  14 orc priests
  A bullfrog skeleton (Crypt:2)
  7 hounds
  8 iguanas
  An iguana (shapeshifter) (Vaults:5)
  27 orc wizards
  2 spectral hounds (Depths:2)
  An ogre skeleton (Crypt:3)
  2 mummies (Ossuary)
  3 gnolls (D:4)
  12 adders
  2 shadow imps
  4 white imps
  A jelly zombie (Crypt:2)
  3 adder zombies (Ossuary)
  A worm (D:4)
  A dart slug (D:1)
  96 orcs
  8 ball pythons
  6 endoplasms
  4 giant cockroaches
  2 gnoll zombies (Ossuary)
  8 goblins
  5 hobgoblins
  2 jackals (D:4)
  25 kobolds
  A quokka (D:4)
  3 bats
  5 frilled lizards
  A frilled lizard skeleton (Crypt:1)
  8 hobgoblin zombies (Ossuary)
  A jackal zombie (Crypt:3)
  2 kobold zombies (Ossuary)
  3 orc zombies (Ossuary)
  3 rats (D:1)
2193 creatures vanquished.

Vanquished Creatures (others)
  A quicksilver dragon (Zot:1)
  A draconian monk (Zot:1)
  An ironbound preserver (Vaults:5)
  A wizard (Vaults:3)
  A deep elf pyromancer (Elf:1)
  A manticore (Shoals:4)
  A naga (Snake:4)
  A centaur (D:13)
  An orc priest (Orc:2)
  An orc wizard (D:9)
  An orc (Vaults:5)
  A bush (Depths:1)
  27 fungi
  58 plants
  11 tentacles (Shoals:3)
  2 withered plants
110 creatures vanquished.

Grand Total: 2303 creatures vanquished

Notes
Turn   | Place    | Note
-------+----------+-------------------------------------------
     0 | D:1      | concernfroge the Mummy Monk began the quest for the Orb.
     0 | D:1      | Reached XP level 1. HP: 18/18 MP: 1/1
    89 | D:1      | Found a faded altar of an unknown god.
   275 | D:1      | Reached XP level 2. HP: 24/24 MP: 2/2
  1093 | D:2      | Gained mutation: You are in touch with the powers of death.
                  | [Mummy growth]
  1093 | D:2      | Reached XP level 3. HP: 30/30 MP: 3/3
  1873 | D:3      | Found an iron altar of Okawaru.
  1878 | D:3      | Identified the +6 spear "Guinuc" {freeze, rF+ MP+9}
  1885 | D:3      | Became a worshipper of Warmaster Okawaru
  1885 | D:3      | Reached * piety under Okawaru
  1885 | D:3      | Reached ** piety under Okawaru
  2093 | D:3      | Found a burning altar of Makhleb.
  2217 | D:3      | Reached XP level 4. HP: 17/38 MP: 4/4
  2219 | D:3      | Reached skill level 5 in Fighting
  2219 | D:3      | Reached skill level 1 in Invocations
  2786 | D:4      | Reached XP level 5. HP: 46/46 MP: 5/5
  2970 | D:5      | Entered Level 5 of the Dungeon
  2974 | D:5      | Reached XP level 6. HP: 53/53 MP: 6/6
  3019 | D:5      | Reached *** piety under Okawaru
  3171 | D:5      | Reached XP level 7. HP: 62/62 MP: 7/7
  3281 | D:5      | Found a snail-covered altar of Cheibriados.
  3281 | D:5      | Found a shimmering blue altar of Sif Muna.
  3285 | D:5      | Found a hide-covered altar of Uskayaw.
  3367 | D:5      | Reached **** piety under Okawaru
  3431 | D:5      | Noticed Sigmund
  3440 | D:5      | Identified the +3 leather armour of Patience {rF- rC- Dex+6
                  | Stlth+}
  3490 | D:6      | Found the +7 Throatcutter {drain, coup de grace}
  3502 | D:6      | Reached XP level 8. HP: 72/72 MP: 8/8
  3515 | D:6      | Reached skill level 10 in Fighting
  3619 | D:6      | Reached skill level 5 in Polearms
  3744 | D:5      | Reached XP level 9. HP: 73/78 MP: 9/9
  3853 | D:6      | Found a sand-covered staircase.
  3858 | Ossuary  | Entered an ossuary
  3916 | Ossuary  | Reached ***** piety under Okawaru
  4370 | D:7      | Found a stormy altar of Qazlal.
  5240 | D:8      | Found a hazy altar of Hepliaklqana.
  5452 | D:8      | Identified the +4 scale mail of Ebbueqy {Dex+4} (Okawaru
                  | gifted it to you on level 8 of the Dungeon)
  5452 | D:8      | Received a gift from Okawaru
  5467 | D:8      | Found an opulent altar of Gozag.
  5474 | D:8      | Noticed a two-headed ogre
  5558 | D:8      | Noticed Gastronok
  5926 | D:9      | Reached XP level 10. HP: 85/85 MP: 10/10
  6448 | D:9      | Reached skill level 10 in Polearms
  6558 | D:10     | Entered Level 10 of the Dungeon
  7195 | D:11     | Noticed a manticore
  7201 | D:11     | Killed a manticore
  7242 | D:11     | Reached XP level 11. HP: 64/90 MP: 11/11
  7445 | D:11     | Received a gift from Okawaru
  7490 | D:11     | Noticed an oklob plant
  7497 | D:11     | Found a staircase to the Lair.
  7514 | D:11     | Noticed a two-headed ogre
  7519 | D:11     | Killed a two-headed ogre
  7576 | D:11     | Reached skill level 5 in Dodging
  7869 | D:11     | Noticed an oklob plant
  8099 | D:11     | Noticed Amaemon
  8115 | D:11     | Killed Amaemon
  8172 | D:11     | Noticed a green ugly thing
  8180 | D:11     | Killed a green ugly thing
  8318 | D:11     | Killed an oklob plant
  8355 | D:11     | Killed an oklob plant
  8366 | Lair:1   | Entered Level 1 of the Lair of Beasts
  8556 | Lair:1   | Received a gift from Okawaru
  8715 | Lair:1   | Noticed an oklob plant
  8785 | Lair:1   | Reached XP level 12. HP: 97/97 MP: 12/12
  9090 | Lair:1   | Noticed a five-headed hydra
  9103 | Lair:1   | Killed a five-headed hydra
  9356 | Lair:1   | Reached skill level 10 in Dodging
  9594 | Lair:2   | Reached skill level 1 in Armour
  9719 | Lair:2   | Noticed Fannar
  9834 | Lair:2   | Found a staircase to the Snake Pit.
  9888 | Lair:2   | Noticed Maggie
  9901 | Lair:2   | Killed Maggie
  9901 | Lair:2   | Identified the +10 quarterstaff of the Apocalypse {drain,
                  | +Blink rC+} (Okawaru gifted it to you on level 2 of the
                  | Lair of Beasts)
  9901 | Lair:2   | Received a gift from Okawaru
  9921 | Lair:2   | Noticed Harold
 10039 | Lair:2   | Killed Harold
 10211 | Lair:2   | Found a staircase to the Shoals.
 10310 | Lair:2   | Killed Fannar
 10336 | Lair:3   | Noticed a seven-headed hydra
 10345 | Lair:2   | Killed a seven-headed hydra
 10627 | Lair:3   | Reached skill level 5 in Armour
 10798 | Lair:3   | Noticed a six-headed hydra
 10807 | Lair:3   | Killed a six-headed hydra
 11381 | Lair:3   | Received a gift from Okawaru
 11641 | Lair:2   | Identified the -1 pair of boots "Gigyn" {rC++ Str+3 Slay-6}
                  | (Okawaru gifted it to you on level 2 of the Lair of Beasts)
 11641 | Lair:2   | Received a gift from Okawaru
 11642 | Lair:2   | Gained mutation: You are strongly in touch with the powers
                  | of death. [Mummy growth]
 11642 | Lair:2   | Reached XP level 13. HP: 103/103 MP: 13/13
 11678 | Lair:3   | Reached ****** piety under Okawaru
 12404 | Lair:4   | Found a viscous altar of Jiyva.
 12404 | Lair:4   | Found a staircase to the Slime Pits.
 12418 | Lair:4   | Reached skill level 10 in Armour
 12973 | Lair:5   | Entered Level 5 of the Lair of Beasts
 13091 | Lair:5   | Identified the +5 war axe "Hylal" {protect, Will+ Str+2}
                  | (Okawaru gifted it to you on level 5 of the Lair of Beasts)
 13091 | Lair:5   | Received a gift from Okawaru
 13199 | Lair:5   | Reached skill level 5 in Invocations
 13970 | Lair:5   | Identified the +4 cloak "Ysia" {Drain rCorr Str+5 Dex-3}
                  | (Okawaru gifted it to you on level 5 of the Lair of Beasts)
 13970 | Lair:5   | Received a gift from Okawaru
 14131 | Lair:5   | Reached XP level 14. HP: 110/110 MP: 19/19
 14385 | Lair:5   | Found a large runed translucent door.
 14386 | Lair:5   | Found a large runed translucent door.
 15427 | D:12     | Found a staircase to the Orcish Mines.
 15545 | D:12     | Reached skill level 10 in Invocations
 17132 | D:5      | Killed Sigmund
 17937 | D:4      | Found a staircase to the Ecumenical Temple.
 17944 | Temple   | Entered the Ecumenical Temple
 18446 | D:8      | Found a blossoming altar of Fedhas.
 18484 | D:8      | Noticed Erica
 18494 | D:8      | Killed Erica
 18495 | D:8      | Reached skill level 1 in Shields
 18559 | D:8      | Noticed Maurice
 18577 | D:8      | Killed Maurice
 18716 | D:8      | Killed Gastronok
 19804 | D:13     | You fall into a shaft and drop 2 floors!
 19804 | D:15     | Entered Level 15 of the Dungeon
 19854 | D:15     | Reached skill level 5 in Shields
 19912 | D:15     | Found a staircase to the Depths.
 20036 | D:15     | Noticed a stone giant
 20043 | D:15     | Killed a stone giant
 20216 | D:15     | Found a sparkling altar of Nemelex Xobeh.
 20783 | D:15     | Reached XP level 15. HP: 89/115 MP: 23/23
 22359 | D:14     | Found a gate to the Vaults.
 22723 | D:14     | Identified the +2 rapier of Jyxkoal {vorpal, Dex+3}
 23122 | D:13     | Found Ynkirei's Magic Scroll Emporium.
 23140 | D:13     | Bought a scroll of enchant armour for 127 gold pieces
 23140 | D:13     | Bought a scroll of teleportation for 51 gold pieces
 23140 | D:13     | Bought a scroll of poison for 68 gold pieces
 23140 | D:13     | Bought a scroll of magic mapping for 127 gold pieces
 23140 | D:13     | Bought a scroll of poison for 68 gold pieces
 23140 | D:13     | Bought a scroll of poison for 68 gold pieces
 23216 | D:13     | Found Hiyrch's Antique Armour Emporium.
 23223 | D:13     | Found Asaazo's Weapon Shoppe.
 23257 | D:13     | Received a gift from Okawaru
 23365 | D:13     | Found Xoymoru's Antique Armour Emporium.
 23642 | Orc:1    | Entered Level 1 of the Orcish Mines
 23942 | Orc:1    | Noticed Urug
 23955 | Orc:1    | Killed Urug
 24093 | Orc:2    | Entered Level 2 of the Orcish Mines
 24096 | Orc:2    | Found a staircase to the Elven Halls.
 24656 | Orc:2    | Reached skill level 10 in Shields
 24800 | Orc:2    | Found Goeca's General Store.
 24804 | Orc:2    | Found Olum Banga's Specific Store.
 24808 | Orc:2    | Bought a scroll of blinking for 90 gold pieces
 25517 | Orc:2    | HP: 4/115 [orc high priest/divine providence (16)]
 26210 | Orc:2    | Found Waopheno's General Store.
 26210 | Orc:2    | Found Zyarch's Jewellery Shop.
 26212 | Orc:2    | Found Paenov's General Store.
 26212 | Orc:2    | Found Umnue's General Store.
 26329 | Orc:2    | Bought a wand of roots (8) for 326 gold pieces
 26330 | Orc:2    | Bought a wand of roots (4) for 163 gold pieces
 26332 | Orc:2    | Bought a scroll of poison for 48 gold pieces
 26332 | Orc:2    | Bought a scroll of magic mapping for 90 gold pieces
 26527 | Snake:1  | Entered Level 1 of the Snake Pit
 27447 | Snake:1  | Received a gift from Okawaru
 27952 | Snake:2  | Reached skill level 1 in Evocations
 27952 | Snake:2  | Reached XP level 16. HP: 98/122 MP: 24/24
 27994 | Snake:2  | Reached skill level 2 in Evocations
 28244 | Snake:2  | Reached skill level 3 in Evocations
 28428 | Snake:2  | Reached skill level 4 in Evocations
 28720 | Snake:2  | Reached skill level 5 in Evocations
 29056 | Snake:3  | Noticed Jorgrun
 29092 | Snake:4  | Entered Level 4 of the Snake Pit
 29297 | Snake:4  | Reached skill level 6 in Evocations
 29431 | Snake:4  | Received a gift from Okawaru
 29564 | Snake:4  | Found a frozen archway.
 29574 | Snake:4  | Found an iron altar of Okawaru.
 29583 | IceCv    | Entered an ice cave
 30906 | IceCv    | Reached skill level 7 in Evocations
 31117 | IceCv    | Identified the ring of the Rabble {rC+ Dex+2}
 31737 | Snake:4  | Reached skill level 8 in Evocations
 32486 | Snake:4  | Reached skill level 9 in Evocations
 32499 | Snake:4  | Reached XP level 17. HP: 84/128 MP: 26/26
 32517 | Snake:4  | Reached skill level 10 in Evocations
 32855 | Snake:4  | Got a serpentine rune of Zot
 33112 | Slime:1  | Entered Level 1 of the Pits of Slime
 33119 | Arena    | Entered the Arena
 33149 | Slime:1  | Noticed an acid blob
 33280 | Lair:4   | Upgraded the game from 0.29-a0-1008-g949cc1d0fb to
                  | 0.29-a0-1009-g60c99734e7
 33608 | Orc:2    | Bought a ring of fire for 325 gold pieces
 33615 | Orc:2    | Bought a scroll of enchant weapon for 127 gold pieces
 33809 | Shoals:1 | Entered Level 1 of the Shoals
 33811 | Shoals:1 | Noticed Donald
 33822 | Shoals:1 | Reached skill level 1 in Axes
 34312 | Shoals:1 | Noticed Kirke
 34329 | Shoals:1 | Killed Kirke
 34408 | Shoals:1 | Reached skill level 5 in Axes
 35018 | Shoals:2 | Noticed Roxanne
 35371 | Shoals:3 | Identified the +4 scale mail of Springtime {rF+++ rC- rCorr
                  | Int-5} (Okawaru gifted it to you on level 3 of the Shoals)
 35371 | Shoals:3 | Received a gift from Okawaru
 36158 | Shoals:3 | Noticed a kraken
 36295 | Shoals:3 | Noticed a kraken
 36296 | Shoals:3 | Noticed a kraken
 36349 | Shoals:3 | Noticed a kraken
 36350 | Shoals:3 | Noticed a kraken
 36707 | Shoals:1 | Reached XP level 18. HP: 138/139 MP: 27/27
 36836 | Shoals:1 | Killed Donald
 37083 | Shoals:1 | You are sucked into a shaft and drop 1 floor!
 37552 | Elf:1    | Entered Level 1 of the Elven Halls
 37776 | Elf:1    | Found Jomiloplio's Magic Scroll Emporium.
 37783 | Elf:1    | Bought a scroll of fear for 60 gold pieces
 37783 | Elf:1    | Bought a scroll of blinking for 112 gold pieces
 37783 | Elf:1    | Bought a scroll of blinking for 112 gold pieces
 37856 | Elf:1    | Noticed a Brimstone Fiend
 37891 | Elf:1    | Reached skill level 10 in Axes
 38243 | Elf:1    | Found Deditewn's Weapon Boutique.
 38803 | Elf:1    | Found Banet's Armour Emporium.
 39217 | Elf:1    | Bought a scroll of immolation for 60 gold pieces
 39334 | Elf:2    | Noticed Azrael
 39351 | Elf:2    | Killed Azrael
 39353 | Elf:2    | Paralysed by an air elemental for 1 turns
 39387 | Elf:2    | Received a gift from Okawaru
 39645 | Elf:2    | Found Apaviric's Magic Scroll Shop.
 39759 | Elf:2    | Bought 3 scrolls of enchant armour for 315 gold pieces
 39759 | Elf:2    | Bought a scroll of fear for 56 gold pieces
 39759 | Elf:2    | Bought a scroll of acquirement for 728 gold pieces
 39759 | Elf:2    | Bought a scroll of blinking for 105 gold pieces
 39759 | Elf:2    | Acquired 932 gold pieces
 39957 | Elf:2    | Identified the +8 mace of Luixiycseg {elec, rPois}
 39970 | Elf:2    | Found a huge runed translucent gate.
 39970 | Elf:2    | Found a huge runed translucent gate.
 39970 | Elf:2    | Found a huge runed translucent gate.
 39970 | Elf:2    | Found a huge runed translucent gate.
 39970 | Elf:2    | Found a huge runed translucent gate.
 41679 | Orc:2    | Bought a scroll of immolation for 48 gold pieces
 41721 | Orc:2    | Bought a scroll of vulnerability for 68 gold pieces
 41808 | D:13     | Bought a scroll of vulnerability for 68 gold pieces
 42010 | Shoals:4 | Entered Level 4 of the Shoals
 42340 | Shoals:4 | Reached XP level 19. HP: 105/145 MP: 28/28
 42866 | Shoals:4 | Identified the +8 short sword of Peace {vorpal, Str+2}
 42912 | Shoals:4 | Got a barnacled rune of Zot
 43586 | Vaults:1 | Entered Level 1 of the Vaults
 44313 | Vaults:1 | Noticed Aizul
 44340 | Vaults:1 | Killed Aizul
 44673 | Vaults:1 | Found Hocrus's Antique Armour Shop.
 44681 | Vaults:1 | Bought a runed scarf for 288 gold pieces
 44838 | Vaults:1 | Identified the +0 robe "Poat Tugg" {rC- Int+6 SInv}
 45370 | Arena    | Entered the Arena
 45537 | Vaults:2 | Reached skill level 15 in Axes
 45943 | Vaults:2 | Identified the +5 hand axe "Hiar" {venom, Str+2}
 46039 | Vaults:2 | Found a staircase to the Crypt.
 47084 | Vaults:2 | Got the Volume of Discontinuous Frostbite
 47409 | Vaults:2 | Reached XP level 20. HP: 152/152 MP: 29/29
 47437 | Vaults:3 | Reached skill level 1 in Throwing
 47788 | Vaults:3 | Reached skill level 5 in Throwing
 47831 | Vaults:3 | Received a gift from Okawaru
 48115 | Vaults:3 | Paralysed by a sphinx for 4 turns
 48795 | Vaults:3 | Identified the +14 crystal plate armour "Uphon" {rPois rF+
                  | Str+3 Dex-4} (Okawaru gifted it to you on level 3 of the
                  | Vaults)
 48795 | Vaults:3 | Received a gift from Okawaru
 49706 | Vaults:4 | Found Sezehed's General Store.
 49718 | Vaults:4 | Bought a scroll of poison for 56 gold pieces
 49781 | Vaults:4 | Identified the ring "Wuakeo Sitt" {Contam Fly rElec rPois
                  | rF+}
 50937 | Crypt:1  | Entered Level 1 of the Crypt
 50987 | Crypt:1  | Reached skill level 10 in Throwing
 51831 | Crypt:1  | Received a gift from Okawaru
 51983 | Crypt:1  | Reached XP level 21. HP: 148/158 MP: 28/30
 52122 | Crypt:1  | Received a gift from Okawaru
 52127 | Crypt:1  | Found a basalt altar of Yredelemnul.
 52513 | Crypt:2  | Found a basalt altar of Yredelemnul.
 52574 | Crypt:2  | Received a gift from Okawaru
 53676 | Crypt:3  | Entered Level 3 of the Crypt
 53759 | Crypt:3  | Found a staircase to the Tomb.
 54199 | Crypt:3  | Received a gift from Okawaru
 54366 | Crypt:3  | Received a gift from Okawaru
 54421 | Crypt:3  | Received a gift from Okawaru
 54490 | Crypt:3  | Noticed a dread lich
 54505 | Crypt:3  | Killed a dread lich
 54657 | Crypt:3  | Received a gift from Okawaru
 54913 | Crypt:3  | Found a basalt altar of Yredelemnul.
 54921 | Crypt:3  | Found an ancient bone altar of Kikubaaqudgha.
 54930 | Crypt:3  | Found the +0 mask of the Dragon {Will+ Slay+3 SInv}
 55007 | Crypt:3  | Identified the +2 leather armour of Noughts and Crosses
                  | {Int+4}
 55710 | D:15     | Upgraded the game from 0.29-a0-1009-g60c99734e7 to
                  | 0.29-a0-1016-g236c7fd91e
 56036 | Elf:1    | Bought 6 javelins for 67 gold pieces
 56242 | Depths:1 | Entered Level 1 of the Depths
 56500 | Depths:1 | Found Tairihu's Book Boutique.
 56503 | Depths:1 | Found Woptigep's Jewellery Emporium.
 56512 | Depths:1 | Identified the +4 falchion of Terra Cotta {vorpal, Int+4}
 56540 | Depths:1 | Reached XP level 22. HP: 158/165 MP: 31/31
 56578 | Depths:1 | Found Haxtor's Book Boutique.
 56589 | Depths:1 | Bought the ring of Balance {rC+ Slay+4} for 1380 gold
                  | pieces
 56718 | Depths:1 | Received a gift from Okawaru
 56726 | Depths:1 | Reached skill level 15 in Throwing
 56831 | Depths:1 | Found a gateway to Hell.
 57234 | Depths:2 | Received a gift from Okawaru
 57557 | Depths:2 | Received a gift from Okawaru
 57593 | Depths:2 | Found a one-way gateway to a ziggurat.
 58383 | Depths:2 | Noticed an ancient lich
 58394 | Depths:2 | Killed an ancient lich
 58668 | Depths:2 | Received a gift from Okawaru
 58669 | Depths:2 | Found The Legendary Tuvag's Legendary Smithy.
 58691 | Depths:2 | Found Hojuec's General Store.
 58787 | Depths:2 | Found a sacrificial altar of Ru.
 58808 | Depths:2 | Found Budeprao's Miraculous Elixirs.
 58943 | Depths:3 | Found Gaunteno's Book Emporium.
 58972 | Depths:3 | Reached skill level 11 in Evocations
 59043 | Depths:3 | Found a one-way gate to the infinite horrors of the Abyss.
 59141 | Depths:3 | Noticed a golden dragon
 59145 | Depths:3 | Noticed Mennas
 59156 | Depths:3 | Killed a golden dragon
 59167 | Depths:3 | Noticed a juggernaut
 59168 | Arena    | Entered the Arena
 59601 | Depths:2 | Received a gift from Okawaru
 59737 | Depths:2 | Found a one-way gate leading to the halls of Pandemonium.
 59899 | Depths:3 | Reached XP level 23. HP: 146/171 MP: 32/32
 59906 | Depths:3 | Identified the +11 quarterstaff of Bankruptcy {vorpal,
                  | Contam rF+ Dex+10 Stlth+}
 59908 | Depths:3 | Found a bloodstained altar of Trog.
 59916 | Depths:3 | Found a transporter.
 59920 | Depths:3 | Noticed Oleutuy's ghost (veteran SpVM)
 59933 | Depths:4 | Entered Level 4 of the Depths
 60025 | Depths:4 | Noticed a caustic shrike
 60026 | Depths:4 | Noticed a caustic shrike
 60026 | Depths:4 | Noticed a caustic shrike
 60028 | Depths:4 | Noticed a caustic shrike
 60042 | Depths:4 | Killed a caustic shrike
 60177 | Depths:4 | Noticed the Enchantress
 60208 | Depths:4 | Received a gift from Okawaru
 60226 | Depths:4 | Killed the Enchantress
 60321 | Depths:4 | Received a gift from Okawaru
 60459 | Depths:4 | Killed a caustic shrike
 60690 | Depths:4 | Found a portal to a secret trove of treasure.
 60695 | Depths:4 | Reached skill level 12 in Evocations
 60866 | Depths:4 | Found a gate to the Realm of Zot.
 60958 | Depths:4 | Killed a caustic shrike
 60958 | Depths:4 | Received a gift from Okawaru
 61004 | Depths:4 | Killed a caustic shrike
 61051 | Depths:4 | Found an ancient bone altar of Kikubaaqudgha.
 61428 | Depths:3 | Found a blossoming altar of Fedhas.
 61451 | Depths:3 | Received a gift from Okawaru
 61477 | Depths:3 | Found a transporter.
 62109 | Depths:3 | Found the +3 robe of Clouds {*Thunder rCloud rElec}
 62186 | Arena    | Entered the Arena
 62697 | Depths:3 | Received a gift from Okawaru
 62959 | Vaults:5 | Entered Level 5 of the Vaults
 62975 | Vaults:5 | Received a gift from Okawaru
 63009 | Vaults:5 | Received a gift from Okawaru
 63043 | Arena    | Entered the Arena
 63077 | Vaults:4 | Reached XP level 24. HP: 142/182 MP: 31/32
 63246 | Vaults:5 | Identified the amulet "Ewab Kem" {+Blink Will++ Regen+}
 63254 | Arena    | Entered the Arena
 63290 | Vaults:5 | Noticed Mara
 63291 | Vaults:5 | Noticed Sojobo
 63300 | Vaults:5 | Noticed concernfroge's illusion
 63303 | Vaults:4 | Received a gift from Okawaru
 63355 | Vaults:5 | Paralysed by an air elemental for 1 turns
 63370 | Vaults:5 | Killed Sojobo
 63402 | Vaults:5 | Killed Mara
 63402 | Vaults:5 | Received a gift from Okawaru
 63614 | Vaults:5 | Noticed a dread lich
 63624 | Vaults:5 | Killed a dread lich
 63812 | Vaults:5 | Got a silver rune of Zot
 63941 | Vaults:5 | Noticed Frederick
 63948 | Vaults:5 | Killed Frederick
 63948 | Vaults:5 | Received a gift from Okawaru
 64042 | Vaults:5 | Identified the +9 broad axe of the Stoat {flame, rC- Str-2
                  | Int+8}
 64142 | Vaults:5 | Identified the +6 bardiche of Malyn {protect, rC+}
 64156 | Vaults:5 | Reached skill level 15 in Fighting
 64786 | Vaults:5 | Received a gift from Okawaru
 65016 | Vaults:5 | Identified the +7 morningstar "Cobuwk" {vorpal, Dex+4 SInv}
 65586 | Depths:4 | You paid a toll of +3 ice dragon scales to enter a treasure
                  | trove
 65587 | Trove    | Entered a treasure trove
 65590 | Trove    | Found the +0 staff of Battle
 65671 | Depths:4 | Upgraded the game from 0.29-a0-1016-g236c7fd91e to
                  | 0.30-a0-4-ga7cffc901d
 65676 | Zot:1    | Entered Level 1 of the Realm of Zot
 66033 | Zot:1    | Reached skill level 13 in Evocations
 66412 | Zot:1    | Received a gift from Okawaru
 66419 | Zot:1    | Reached skill level 14 in Evocations
 66426 | Zot:1    | Received a gift from Okawaru
 66460 | Arena    | Entered the Arena
 66507 | Zot:1    | Reached skill level 15 in Evocations
 67066 | Zot:1    | Received a gift from Okawaru
 67485 | Zot:2    | Found the +3 warlock's mirror {reflect}
 67506 | Zot:2    | Noticed Vv
 67525 | Zot:2    | Killed Vv
 67545 | Zot:2    | Reached skill level 16 in Evocations
 67673 | Zot:2    | Reached XP level 25. HP: 182/197 MP: 32/32
 67761 | Zot:2    | Noticed Parghit
 68030 | Zot:2    | Killed Parghit
 68733 | Zot:3    | Reached skill level 17 in Evocations
 69237 | Zot:3    | Received a gift from Okawaru
 69700 | Zot:4    | Received a gift from Okawaru
 69702 | Zot:4    | Noticed an ancient lich
 69708 | Zot:4    | Killed an ancient lich
 69728 | Zot:4    | Noticed an ancient lich
 69751 | Zot:4    | Received a gift from Okawaru
 69764 | Zot:4    | Killed an ancient lich
 69944 | Zot:4    | Identified the +10 spear "Docwesk" {flame, rN+ Stlth+}
 70025 | Zot:4    | Received a gift from Okawaru
 70570 | Zot:4    | Identified the +6 short sword of Oenomania {speed, +Blink
                  | rN++ Dex-2}
 70845 | Zot:5    | Entered Level 5 of the Realm of Zot
 71392 | Zot:5    | Noticed an ancient lich
 71400 | Zot:5    | Killed an ancient lich
 71535 | Zot:5    | Noticed a Killer Klown
 71538 | Zot:5    | Killed a Killer Klown
 71539 | Zot:5    | Noticed a Killer Klown
 71541 | Zot:5    | Noticed a Killer Klown
 71541 | Zot:5    | Noticed an orb of fire
 71545 | Zot:5    | Noticed a Killer Klown
 71548 | Zot:5    | Noticed a Killer Klown
 71553 | Zot:5    | Killed an orb of fire
 71553 | Zot:5    | Received a gift from Okawaru
 71554 | Zot:5    | Noticed an orb of fire
 71556 | Zot:5    | a Killer Klown changed into a rockslime
 71567 | Zot:5    | Killed a Killer Klown
 71568 | Zot:5    | Killed an orb of fire
 71568 | Zot:5    | Received a gift from Okawaru
 71579 | Zot:5    | Killed a Killer Klown
 71592 | Zot:5    | Killed a Killer Klown
 71778 | Zot:5    | Received a gift from Okawaru
 71963 | Zot:5    | Noticed a Killer Klown
 71969 | Zot:5    | Killed a Killer Klown
 72005 | Zot:5    | Reached XP level 26. HP: 204/204 MP: 32/32
 72029 | Zot:5    | Noticed an orb of fire
 72032 | Zot:5    | Noticed an ancient lich
 72640 | Zot:5    | Killed an orb of fire
 72664 | Zot:5    | Noticed an ancient lich
 72677 | Zot:5    | Killed an ancient lich
 72687 | Zot:5    | Killed an ancient lich
 73974 | Depths:2 | Killed Mennas
 74260 | Zot:5    | Got the Orb of Zot
 74269 | Zot:5    | Noticed Qaleumekk the pandemonium lord
 74328 | Zot:5    | Killed Qaleumekk the pandemonium lord
 74328 | Zot:5    | Received a gift from Okawaru
 74329 | Zot:5    | Reached skill level 15 in Armour
 74329 | Zot:5    | Reached skill level 15 in Dodging
 74329 | Zot:5    | Reached skill level 15 in Shields
 74331 | Zot:5    | Noticed Var Biwat the pandemonium lord
 74369 | Zot:5    | HP: 10/204 [shot self (6)]
 74369 | Zot:5    | Slain by an ice devil

Illustrated notes

Levels and vault maps discovered:
D:1:      dpeg_arrival_rooms_with_view, layout_basic,
          dreamdust_ecumenical_altar_angels_and_demons, serial_glass,
          glass_columns_a, glass_columns_c
D:2:      layout_basic
D:3:      layout_loops_cross, nicolae_overflow_crystal_walls,
          mainiacjoe_overflow_boulevard
D:4:      layout_rooms, temple_green
D:5:      layout_loops_cross, nicolae_overflow_hidden_temple,
          serial_co_window_serial, co_window_paths_b, co_window_paths_b,
          co_window_corner_a, co_window_paths_a, co_window_paths_b,
          co_window_paths_c, co_window_cross_4, co_window_broadway_a,
          co_window_corner_b, co_window_broadway_b, co_window_unsneaky_path_b,
          co_window_unsneaky_path_b, glass_columns_a, glass_columns_a,
          glass_columns_a, glass_columns_a, glass_columns_b, uniq_sigmund
D:6:      layout_cave_pools, enter_ossuary_2, dilly_guarded_unrand_throatcut
D:7:      layout_basic, grunt_qazlal_clouds, nicolae_titane
D:8:      layout_loops_ring, mainiacjoe_overflow_surrounded_room,
          kennysheep_mini_moat, nicolae_tso_swordbearing_angel,
          lemuel_doored_altar, minivault_5, uniq_gastronok, uniq_erica,
          uniq_maurice
D:9:      layout_layer_cave, chequers_serial_rivers_large_b,
          minmay_fractal_squares_gapless_5
D:10:     layout_basic, corexii_corridor_pit
D:11:     layout_roguey, dpeg_oklobed_lair, nicolae_zen_rock_garden,
          grunt_ministairs_1, uniq_amaemon
D:12:     layout_stronghold, david_orc_5, introduction_to_nature_2
D:13:     layout_long_grid, serial_shops, shop, kennysheep_mini,
          nicolae_shop_overgrown_old_shop, shop
D:14:     layout_layer_cave, hangedman_vaults_entry_quadrant_bands,
          serial_bayou, serial_bayou_pond_e, serial_bayou_pond_a,
          serial_bayou_pond_c, serial_bayou_shore_b, serial_bayou_shore_a,
          chequers_serial_rivers_marsh
D:15:     hangedman_depths_entry_civil_slaughter, layout_gridville,
          nemelex_diamond_rough_becter
Temple:   nicolae_temple_hex_pool
Lair:1:   layout_loops_ring, minivault_24, infiniplex_staircase_pool
Lair:2:   layout_gridlike, elwin_shoals_entry_rooms,
          guppyfry_snake_entry_garden, grunt_megastairs_1, uniq_harold,
          uniq_fannar, uniq_maggie
Lair:3:   layout_regular_city, grunt_megastairs_5
Lair:4:   layout_regular_city, dpeg_slime_entry_enclosed
Lair:5:   cheibrodos_lair_end_hotspot, layout_long_grid,
          nicolae_quartered_pool_little, minivault_19
Shoals:1: layout_shoals, nicolae_shoals_nymph_descending_staircase, uniq_kirke,
          uniq_donald
Shoals:2: layout_shoals, uniq_roxanne
Shoals:3: layout_shoals, nicolae_shoals_kraken_party
Shoals:4: shoals_end_hellmonk_lost_city
Snake:1:  layout_gridlike
Snake:2:  layout_rooms, nicolae_snake_round_shape_thing, grunt_ministairs_5,
          nicolae_coiled_stairwell_down
Snake:3:  layout_cave_town, basic_altar, nicolae_snake_shapes, uniq_jorgrun
Snake:4:  snake_pit, layout_misc_corridors, portal_ice_cave_entry_pillars_three,
          basic_altar, st_stairs_13
Slime:1:  layout_caves
Orc:1:    layout_diamond_mine, uniq_urug
Orc:2:    grunt_orc_tribal_feast, layout_caves, nicolae_specific_store,
          guppyfry_library_mini
Elf:1:    layout_onion_city, serial_shops, nicolae_shop_window_shopping, shop,
          nicolae_lakefront_shop, minmay_elf_demonology
Elf:2:    elven_hall_of_blades_hangedman_alternative
          [mumra_blade_entry_bloodbath], layout_rooms, serial_shops,
          nicolae_shop_hallway_plus, serial_co_window_serial, co_window_paths_a,
          co_window_paths_a, co_window_of_opportunity_a, co_window_paths_b,
          co_window_of_opportunity_a, co_window_corner_b, co_window_corner_b,
          co_window_corner_cb, glass_columns_a, item_on_display_a, uniq_azrael
Vaults:1: v_misc_14, vaults_room_pool, nicolae_vaults_little_squares_4,
          layout_vaults_omnigrid, serial_shops, nicolae_shop_waterfront,
          uniq_aizul
Vaults:2: vaults_room_stairs_pillars, minmay_crypt_entry_nasty_monster,
          nicolae_vaults_ring_of_whatevers, v_misc_17, ontoclasm_vaults_bender,
          nicolae_vaults_little_squares_4, vaults_standard_mumra_x,
          ontoclasm_vaults_loading_screen, vaults_room_guarded_vault,
          ontoclasm_vaults_gateway, hangedman_vaults_river_flow,
          grunt_vaults_hallway_long, hangedman_vaults_restitches, v_misc_32,
          layout_vaults_maze_snakey
Vaults:3: v_misc_4, ontoclasm_vaults_fault, nicolae_vaults_network_star,
          nicolae_vaults_specimen_jars, v_misc_28,
          vaults_room_hangedman_quadrants, vaults_room_corners,
          vaults_room_pools, vaults_dpeg_encased_lava, vaults_dpeg_ring,
          layout_vaults_chaotic_city
Vaults:4: ontoclasm_vaults_eye, hangedman_vaults_restitches,
          ontoclasm_vaults_tryst, nicolae_vaults_little_squares_3, serial_ice_b,
          vaults_room_pool, ontoclasm_vaults_ring_square,
          nicolae_vaults_three_branches, v_pattern_1, v_misc_31,
          grunt_vaults_twisty, vaults_room_large_hall, layout_vaults_ring,
          serial_shops, nicolae_shop_window_shopping
Vaults:5: uniq_mara, uniq_sojobo, uniq_frederick
Crypt:1:  lemuel_vampire_tower, layout_chaotic_city
Crypt:2:  layout_basic, basic_altar
Crypt:3:  lightli_unholy_cathedral, layout_chaotic_city,
          tomb_entry_forgotten_bobbens
Depths:1: layout_cave_pools, chequers_serial_rivers_micro_e, grunt_metal_band,
          evilmike_butchery, minmay_shop_grove, serial_bayou_shore_b
Depths:2: grated_community_mu [grated_community_mu_vampire_home,
          grated_community_mu_giant_home, grated_community_mu_spellcaster_home,
          grated_community_mu_orcish_home, grated_community_mu_troll_home,
          grated_community_mu_taur_home, grated_community_mu_unbuilt_plot],
          layout_gridville, enter_ziggurat_b, grunt_hell_entry_dis_grunt,
          grunt_pan_entry_zigzag, zin_angel, minmay_room_of_horrors
Depths:3: minmay_the_grid_triangle_9x9_rhombus_full_mashed
          [minmay_the_grid_triangle_9x9_shrine,
          minmay_the_grid_triangle_9x9_thin_v,
          minmay_the_grid_triangle_9x9_semitri,
          minmay_the_grid_triangle_9x9_cache,
          minmay_the_grid_triangle_9x9_sprig,
          minmay_the_grid_triangle_9x9_pentomino_pain,
          minmay_the_grid_triangle_9x9_sparse_checkered,
          minmay_the_grid_triangle_9x9_prize_schism], layout_basic, abyss_entry,
          rand_demon_pan_entry_1, serial_shops, nicolae_diamond_shop,
          hell_entry, nicolae_two_hexagons, gammafunk_ghost_wrathful_warriors,
          hangedman_abyss_or_decor_lesser_grid, minivault_16, uniq_mennas
Depths:4: grunt_twist_and_shout, layout_gridlike,
          nicolae_trove_entry_path_of_doom, hangedman_tar_grid_catacomb,
          kiku_gazebo_garden_becter, uniq_enchantress
Zot:1:    cheibrodos_zot_enchanting_chambers, layout_cathedral_of_symmetry
Zot:2:    layout_onion, uniq_parghit, uniq_vv
Zot:3:    layout_onion, st_stairs_7, grunt_megastairs_2
Zot:4:    hangedman_zot_vaults_quadrants, layout_concentric_octagons
Zot:5:    layout_gridlike

Skill      XL: |  1  2  3  4  5  6  7  8  9 10 11 12 13 14 15 16 17 18 19 20 21 22 23 24 25 26 |
---------------+-------------------------------------------------------------------------------+-----
Fighting       | 4 5 6 8 9 10 11 12 13 16 | 16.0
Invocations    | 1 7 10 12 13 | 13.0
Polearms       | 6 9 12 | 12.0
Dodging        | 3 9 10 11 12 13 14 15 | 15.0
Armour         | 7 10 11 12 13 14 15 | 15.0
Shields        | 6 12 13 14 15 | 15.0
Evocations     | 1 9 10 11 12 16 17 | 17.0
Axes           | 7 13 16 | 16.5
Throwing       | 10 14 15 16 | 16.0
Stealth        | |  1.5

Action                   |  1- 3 |  4- 6 |  7- 9 | 10-12 | 13-15 | 16-18 | 19-21 | 22-24 | 25-27 || total
-------------------------+-------+-------+-------+-------+-------+-------+-------+-------+-------++-------
Melee: Spear             |   129 |    55 |   349 |   707 |  2036 |   709 |       |       |       ||  3985
       Punch             |     1 |       |     2 |    16 |    19 |       |       |       |       ||    38
       Quarterstaff      |       |       |       |     9 |       |       |       |       |       ||     9
       War axe           |       |       |       |       |       |   783 |  1088 |       |       ||  1871
       Broad axe         |       |       |       |       |       |   484 |  1071 |  1502 |   712 ||  3769
Throw: Javelin           |     2 |       |       |       |       |       |    65 |   330 |   145 ||   542
       Throwing net      |       |       |       |    10 |     5 |    10 |     1 |       |       ||    26
       Boomerang         |       |       |       |       |       |       |    68 |       |       ||    68
       Dart              |       |       |       |       |       |       |     7 |    20 |       ||    27
Invok: Heroism           |       |       |     5 |    30 |    86 |    82 |    73 |    46 |    13 ||   335
       Finesse           |       |       |       |       |    17 |    16 |    16 |     7 |    11 ||    67
       Duel              |       |       |       |       |       |     1 |     1 |     5 |       ||     7
Evoke: Wand              |       |       |       |    17 |    16 |    48 |     2 |    21 |    11 ||   115
       Piece from Xom's  |       |       |       |       |     7 |    12 |     2 |     1 |     1 ||    23
       Condenser vane    |       |       |       |       |       |       |       |     5 |     3 ||     8
       Phial of floods   |       |       |       |       |       |       |       |     1 |     1 ||     2
       Tin of tremorston |       |       |       |       |       |       |       |       |     4 ||     4
       Lightning rod     |       |       |       |       |       |       |       |       |     1 ||     1
  Use: Scroll            |       |     4 |     8 |     6 |    19 |    33 |    11 |    21 |    19 ||   121
 Stab: Sleeping          |     3 |     2 |     3 |       |     3 |     1 |       |       |       ||    12
       Distracted        |       |       |       |     1 |     1 |       |       |       |       ||     2
       Held in net/web   |       |       |       |       |     7 |       |       |       |       ||     7
       Invisible         |       |       |       |       |     2 |     3 |     2 |     4 |       ||    11
       Confused          |       |       |       |       |       |       |     1 |       |       ||     1
Armor: Ring mail         |    31 |    21 |    56 |   125 |   319 |   157 |       |       |       ||   709
       Plate armour      |       |       |    47 |       |       |       |       |       |       ||    47
       Crystal plate arm |       |       |       |       |       |   418 |   825 |   868 |   402 ||  2513
Dodge: Dodged            |    54 |    11 |    69 |   218 |   491 |   338 |   263 |   266 |   136 ||  1846
Block: Tower shield      |       |       |       |       |   749 |  1903 |  2257 |  1844 |   910 ||  7663
       Reflection        |       |       |       |       |    69 |   176 |    72 |    53 |     8 ||   378
       Other             |       |       |       |       |    22 |       |       |       |       ||    22

Table legend: (Time is in decaauts)
 A = Elapsed time spent in this place.
 B = Non-inter-level travel time spent in this place.
 C = Inter-level travel time spent in this place.
 D = Time resting spent in this place.
 E = Time spent auto-exploring this place.
 F = Levels seen in this place.
 G = Mean time per level.
                   A        B        C        D        E       F      G
               +--------+--------+--------+--------+--------+-----+--------+
         Total |  71782 |  62723 |   9059 |    733 |  47924 |  61 | 1176.8 |
       Dungeon |  18373 |  15353 |   3020 |      4 |  12835 |  15 | 1224.9 |
        Temple |     77 |     72 |      5 |      0 |     61 |   1 |   77.0 |
          Lair |   6894 |   5552 |   1342 |     94 |   4103 |   5 | 1378.8 |
        Shoals |   5043 |   4609 |    434 |      0 |   3365 |   4 | 1260.8 |
     Snake Pit |   4222 |   3987 |    235 |     20 |   2976 |   4 | 1055.5 |
    Slime Pits |     15 |     15 |      0 |      0 |      0 |   1 |   15.0 |
  Orcish Mines |   3122 |   2426 |    696 |    197 |   1651 |   2 | 1561.0 |
   Elven Halls |   3825 |   3506 |    319 |      0 |   2769 |   2 | 1912.5 |
        Vaults |   8740 |   7927 |    813 |     70 |   6041 |   5 | 1748.0 |
         Crypt |   4230 |   3841 |    389 |      0 |   2702 |   3 | 1410.0 |
        Depths |   7365 |   6091 |   1274 |      6 |   4324 |   4 | 1841.2 |
           Zot |   7608 |   7080 |    528 |    315 |   5492 |   5 | 1521.6 |
         Trove |     54 |     54 |      0 |      0 |      2 |   1 |   54.0 |
       Ossuary |    153 |    153 |      0 |      0 |     63 |   1 |  153.0 |
      Ice Cave |   1881 |   1881 |      0 |      0 |   1449 |   1 | 1881.0 |
         Arena |    172 |    172 |      0 |     27 |     90 |   7 |   24.6 |
               +--------+--------+--------+--------+--------+-----+--------+

Top non-repeatable levels by time:
Depths:2: 3298 daAuts
    D:12: 2880 daAuts
    D:14: 2446 daAuts
   Zot:5: 2145 daAuts
Vaults:2: 2064 daAuts
   Elf:2: 2012 daAuts
Vaults:5: 1997 daAuts
   IceCv: 1881 daAuts
   Elf:1: 1812 daAuts
   Zot:1: 1801 daAuts
 Snake:4: 1771 daAuts
   Orc:2: 1745 daAuts
Depths:3: 1662 daAuts
Vaults:3: 1646 daAuts
 Crypt:1: 1570 daAuts
